 Dungeon Crawl Stone Soup version 0.30.0-29-ga12c61a403 (webtiles) character file.

Game seed: 60698841287331499

785 qw the Chopper (level 7, -4/44 HPs)
             Began as a Gargoyle Fighter on June 4, 2023.
             Slain by a gnoll
             ... wielding a +2 flail of protection
             ... led by a gnoll sergeant
              (9 damage)
             ... on level 5 of the Dungeon.
             The game lasted 00:01:45 (3594 turns).

qw the Chopper (Gargoyle Fighter)                   Turns: 3594, Time: 00:01:46

Health: -4/44      AC: 13    Str: 22    XL:     7   Next: 86%
Magic:  1/7        EV:  9    Int:  8    God:
Gold:   278        SH:  4    Dex:  9    Spells: 6/6 levels left

rFire   . . .        Y - +0 war axe (flame)
rCold   . . .        c - +0 buckler
rNeg    + . .        b - +0 scale mail
rPois   inf          m - +0 helmet
rElec   +            (no cloak)
rCorr   .            (no gloves)
SInv    .            g - +0 pair of boots
Will    .....        (no amulet) Stlth
                     (no ring)
HPRegen 0.27/turn    (no ring)
MPRegen 0.10/turn

%: no passive effects
@: about to teleport
A: sickness immunity, AC +4, negative energy resistance 1, electricity
resistance, torment resistance 1, petrification resistance
a: no special abilities


You were on level 5 of the Dungeon.
You visited 1 branch of the dungeon, and saw 5 of its levels.

You collected 278 gold pieces.


Innate Abilities, Weirdness & Mutations

You are immune to sickness and miasma.
Your stone body is resilient. (AC +4)
You are immune to poison.
You resist negative energy. (rN+)
You are resistant to electric shocks. (rElec)
You are resistant to unholy torment.
You are immune to petrification.


   Skills:
 - Level 4.7 Fighting
 + Level 6.6 Axes
 - Level 2.6 Throwing
 - Level 3.2 Armour
 - Level 1.2 Dodging
 - Level 3.2 Shields


You had 6 spell levels left.
You didn't know any spells.
Your spell library was empty.

Inventory:

Hand Weapons
 Y - a +0 war axe of flaming (weapon)
Missiles
 l - a javelin
 o - 2 silver javelins (quivered)
Armour
 b - a +0 scale mail (worn)
 c - a +0 buckler (worn)
 f - a +0 plate armour
 g - a +0 pair of boots (worn)
 h - a +1 ring mail of fire resistance
 m - a +0 helmet (worn)
Scrolls
 q - a scroll of fear {unknown}
Potions
 d - a potion of might
 e - 2 potions of ambrosia {unknown}
 i - a potion of resistance {unknown}
 j - 2 potions of berserk rage {unknown}
 k - a potion of heal wounds {unknown}
 n - a potion of experience {unknown}
 p - a potion of lignification {unknown}

Dungeon Overview and Level Annotations

Branches:
Dungeon (5/15)
 Temple: D:4-7

Altars:
Xom


Message History

The gnoll sergeant hits you but does no damage.
You block the gnoll sergeant's attack.
The gnoll hits you from afar with a +0 halberd.
You slash the gnoll sergeant! You burn the gnoll sergeant.
You kill the gnoll sergeant!
The gnoll closely misses you.
Your Throwing skill increases to level 2!
A kobold and 2 gnolls come into view.
A gnoll is wielding a +2 flail of protection.
The kobold shouts!
The gnoll shouts! x2
The gnoll closely misses you. x2
Things that are here:
a +1 antimagic trident; a +0 scale mail; a gnoll corpse
Enter note:
Enter note:
Enter note:
Enter note:
Enter note:
Enter note: You barely miss the gnoll. x2
The gnoll hits you with a +0 halberd. The gnoll hits you with a +0 flail.
3591 ||| READING scroll of teleportation.
As you read the scroll of teleportation, it crumbles to dust.
You feel strangely unstable. The gnoll hits you but does no damage.
The gnoll closely misses you.
You hit the gnoll. You burn the gnoll.
The gnoll is heavily wounded.
You slash the gnoll! You burn the gnoll.
You kill the gnoll!
The gnoll hits you but does no damage.
You slash the gnoll! You burn the gnoll.
You kill the gnoll!
You hit the gnoll. You burn the gnoll.
The gnoll hits you with a +2 flail of protection.
You barely miss the gnoll.
The gnoll is moderately wounded.
The gnoll hits you but does no damage.
The kobold hits you with a +0 short sword.
The gnoll hits you with a +2 flail of protection!
You die...

#.#
#..................<#
..#
#..........#..#####.#
..#
#...................#
#.# ######..#######
#..# #####..# #....
####......# #.....
..........# .......
......#).## #######
.#..####@7 #.....gK.7
#......### #......
#..#... #. #... .
.... ...#.


You could see a gnoll and a kobold.

Vanquished Creatures
  An orc warrior (D:5)
  An ice beast (D:5)
  An ogre (D:4)
  A bullfrog (D:3)
  A gnoll sergeant (D:5)
  An orc priest (D:5)
  A hound (D:5)
  2 jellies
  An orc wizard (D:5)
  Ijyb (D:5)
  Robin (D:3)
  4 gnolls
  6 adders
  A worm (D:3)
  A dart slug (D:3)
  6 orcs
  7 endoplasms
  8 giant cockroaches
  16 goblins
  12 hobgoblins
  3 jackals (D:1)
  4 kobolds
  3 quokkas (D:3)
  9 ball pythons
  9 bats
  6 frilled lizards
  2 rats (D:1)
109 creatures vanquished.

Notes
Turn   | Place    | Note
-------+----------+-------------------------------------------
     0 | D:1      | qw the Gargoyle Fighter began the quest for the Orb.
     0 | D:1      | Reached XP level 1. HP: 14/14 MP: 1/1
     0 | D:1      | 0 ||| qw: Version: 0.2-a-107-g4668610
     0 | D:1      | 0 ||| qw: Game counter: 1226
     0 | D:1      | 0 ||| qw: Always use a shield: true
     0 | D:1      | 0 ||| qw: God list: Okawaru
     0 | D:1      | 0 ||| qw: Allow faded altars: false
     0 | D:1      | 0 ||| qw: Do Orc after D:15 true
     0 | D:1      | 0 ||| qw: Do second Lair branch before Depths: true
     0 | D:1      | 0 ||| qw: Lair rune preference: random
     0 | D:1      | 0 ||| qw: Plans: Normal, Zot:1-4, Slime:5, God:TSO, Crypt,
                  | Tomb, Abyss, Pan, Hells, Win
     0 | D:1      | 0 ||| PLANNING D:1-11
    29 | D:1      | 29 ||| Stepping ~*~*~tactically~*~*~ (stealth).
    36 | D:1      | Reached skill level 2 in Axes
    84 | D:1      | Reached XP level 2. HP: 18/19 MP: 2/2
   320 | D:1      | Reached skill level 3 in Axes
   330 | D:1      | Reached XP level 3. HP: 19/23 MP: 3/3
   715 | D:1      | 715 ||| Stepping ~*~*~tactically~*~*~ (hiding).
   762 | D:1      | 762 ||| UPGRADING to +0 pair of boots.
   767 | D:1      | 767 ||| UPGRADING to +0 helmet.
   772 | D:1      | 772 ||| READING 2 scrolls labelled SIMABO GOAH.
   777 | D:1      | 777 ||| READING scroll labelled FUZUHI TUGRI.
   778 | D:1      | 778 ||| DROPPING +0 whip.
   779 | D:1      | 779 ||| READING scroll labelled DINNUE GIEHO.
   914 | D:2      | Reached skill level 1 in Throwing
   948 | D:2      | Reached XP level 4. HP: 28/28 MP: 4/4
  1053 | D:2      | Found a shimmering altar of Xom.
  1100 | D:2      | 1100 ||| Stepping ~*~*~tactically~*~*~ (stealth).
  1108 | D:2      | 1108 ||| Stepping ~*~*~tactically~*~*~ (stealth).
  1109 | D:2      | 1109 ||| Stepping ~*~*~tactically~*~*~ (stealth).
  1392 | D:2      | 1392 ||| READING scroll labelled JUEFUE WUITETZ.
  1438 | D:3      | 1438 ||| STAIRDANCE
  1469 | D:3      | 1469 ||| Stepping ~*~*~tactically~*~*~ (stealth).
  1476 | D:3      | 1476 ||| Stepping ~*~*~tactically~*~*~ (stealth).
  1479 | D:3      | 1479 ||| Stepping ~*~*~tactically~*~*~ (hiding).
  1480 | D:3      | 1480 ||| Stepping ~*~*~tactically~*~*~ (hiding).
  1483 | D:3      | 1483 ||| Stepping ~*~*~tactically~*~*~ (hiding).
  1484 | D:3      | 1484 ||| Stepping ~*~*~tactically~*~*~ (hiding).
  1485 | D:3      | 1485 ||| Stepping ~*~*~tactically~*~*~ (hiding).
  1485 | D:3      | Noticed Robin
  1496 | D:3      | Killed Robin
  1497 | D:3      | Reached skill level 4 in Axes
  1590 | D:3      | 1590 ||| Stepping ~*~*~tactically~*~*~ (stealth).
  1592 | D:3      | 1592 ||| Stepping ~*~*~tactically~*~*~ (hiding).
  1790 | D:3      | 1790 ||| Stepping ~*~*~tactically~*~*~ (stealth).
  1807 | D:3      | Reached XP level 5. HP: 32/32 MP: 5/5
  1864 | D:3      | Reached skill level 5 in Axes
  1875 | D:3      | 1875 ||| Stepping ~*~*~tactically~*~*~ (stealth).
  2417 | D:3      | 2417 ||| DROPPING orb of light.
  2418 | D:3      | 2418 ||| READING scroll labelled HUGELY ERAUST.
  2429 | D:4      | Noticed an ogre
  2435 | D:4      | Killed an ogre
  2436 | D:4      | Reached XP level 6. HP: 39/39 MP: 6/6
  2899 | D:4      | Reached skill level 1 in Dodging
  3004 | D:4      | 3004 ||| READING scroll labelled BIM SEBRAN.
  3005 | D:4      | 3005 ||| READING scroll labelled CYCZID LAWURY.
  3006 | D:4      | 3006 ||| READING scroll labelled KUOWILO ZO POOLLAO.
  3007 | D:4      | 3007 ||| READING scroll labelled RILYEMN ODEIFOASU.
  3032 | D:5      | Entered Level 5 of the Dungeon
  3034 | D:5      | Noticed Ijyb
  3035 | D:5      | 3035 ||| Stepping ~*~*~tactically~*~*~ (hiding).
  3045 | D:5      | Killed Ijyb
  3139 | D:5      | Noticed an orc warrior
  3140 | D:5      | 3140 ||| Stepping ~*~*~tactically~*~*~ (hiding).
  3153 | D:5      | Killed an orc warrior
  3154 | D:5      | Reached XP level 7. HP: 21/44 MP: 7/7
  3252 | D:5      | 3252 ||| Stepping ~*~*~tactically~*~*~ (hiding).
  3277 | D:5      | HP: 10/44 [orc/+0 hand axe (5)]
  3278 | D:5      | 3278 ||| READING 2 scrolls of teleportation.
  3281 | D:5      | Reached skill level 6 in Axes
  3576 | D:5      | 3576 ||| Stepping ~*~*~tactically~*~*~ (hiding).
  3590 | D:5      | HP: 10/44 [gnoll/+0 flail[a gnoll sergeant] (3)]
  3591 | D:5      | 3591 ||| READING scroll of teleportation.
  3594 | D:5      | Slain by a gnoll

Levels and vault maps discovered:
D:1:      dpeg_arrival_long_road, layout_basic, serial_glass, glass_columns_b,
          glass_columns_a, due_unseen_surprise, minmay_strange_pillars,
          item_on_display_a, item_on_display_a, st_stairs_2, minmay_pentomino_r4
D:2:      layout_loops_ring, basic_altar, minmay_misc_feat_columns
D:3:      minmay_skewed_foursquare, layout_loops_ring, uniq_robin
D:4:      layout_loops_ring, dk_vineyard_3
D:5:      kennysheep_kobold_camp, layout_basic, uniq_ijyb

Skill      XL: |  1  2  3  4  5  6  7 |
---------------+----------------------+-----
Axes           | 2 3 4 5 6 |  6.6
Throwing       | 1 2 |  2.6
Fighting       | 4 |  4.7
Dodging        | 1 |  1.2
Armour         | |  3.2
Shields        | |  3.2

Action                     |  1- 3 |  4- 6 |  7- 9 || total
---------------------------+-------+-------+-------++-------
  Melee: War axe           |   107 |   122 |    47 ||   276
  Throw: Javelin           |     5 |    45 |     5 ||    55
    Use: Scroll            |     3 |     6 |     2 ||    11
 Armour: Scale mail        |    63 |    57 |    22 ||   142
  Dodge: Dodged            |    59 |    55 |    18 ||   132
  Block: Buckler           |    26 |    16 |    10 ||    52

Table legend:
 A = Non-vault XP
 B = Vault XP
 C = Vault XP percentage of total XP
 D = Non-vault monster count
 E = Vault monster count
 F = Vault count percentage of total count
                 A         B        C        D         E       F
            +---------+---------+-------+---------+---------+-------
      Total |     940 |     182 |  16.2 |      85 |      24 |  22.0
            +---------+---------+-------+---------+---------+-------
        D:1 |      58 |       7 |  10.8 |      28 |       4 |  12.5
        D:2 |      32 |       0 |   0.0 |      12 |       0 |   0.0
        D:3 |      52 |     139 |  72.8 |      18 |      19 |  51.4
        D:4 |     209 |       0 |   0.0 |      11 |       0 |   0.0
        D:5 |     589 |      36 |   5.8 |      16 |       1 |   5.9
            +---------+---------+-------+---------+---------+-------
